Description

- WIP -

"Easy" Build order :

Reaper FE, TvZ variant.

14 – Supply Depot

16 – Barracks

16 – Refinery

@100% Barracks – Reaper and Orbital Command

@400 mineral – Command Centre (@100% – Orbital Command)

@100 mineral – Supply Depot

@100% Reaper – Marine

1/1/1

@100 gas – Factory & Refinery

@100% Marine – Reactor

@100% Factory – Starport and Refinery, swap Factory onto Reactor for 3 Hellions, Barracks Tech lab

@100% Techlab - Stimpack

@100% Starport – Viking

3/1/1

@100% 3rd Hellion - Factory Tech lab, 2 Barracks, Ebay

@100% Viking - Starport Reactor, Refinery

Start constant Tank production

@100% Ebay - +1 Attack

@100% Starport Reactor - Starport Reactor, Refinery

Start constant Medivac production

@5:45 - Push out with 18 Stimmed Marines, (3 Hellions,) 2 Tanks, 2 Medivac almost built.

VOD

https://www.twitch.tv/videos/279652647?t=10h

Replay - Lambo v lIIllllIIlll: Game 3 - Acid Plant LE

Build Order

Get SALT Encoding   

  14  0:17  Supply Depot  - Part 1 : Reaper FE, TvZ variant.
  15  0:40  Barracks  
  16  0:43  Refinery  
  19  1:27  Reaper, Orbital Command  
  20  1:39  Command Center  
  20  1:50  Supply Depot  
  21  1:59  Marine  
  23  2:08  Factory  - Part 2 : 1/1/1
  23  2:14  Refinery  
  23  2:20  Barracks Reactor  
  26  2:52  Orbital Command  
  26  2:54  Starport  
  27  2:59  Hellion x2  
  27  3:04  Barracks Tech Lab  
  34  3:21  Hellion  
  34  3:24  Marine, Stimpack  
  37  3:32  Viking  
  41  3:39  Supply Depot  
  43  3:50  Barracks  - Part 3 : 3/1/1 - Medivac/Tanks
  43  3:51  Factory Tech Lab  
  43  3:52  Marine  
  44  3:56  Barracks  
  44  4:00  Engineering Bay  
  46  4:03  Starport Reactor  
  47  4:11  Supply Depot  
  48  4:18  Refinery  
  48  4:21  Siege Tank  
  52  4:24  Supply Depot  
  52  4:28  Terran Infantry Weapons Level 1  
  52  4:34  Marine x2  
  55  4:42  Marine  
  57  4:46  Starport Reactor  
  57  4:51  Marine x2  
  61  4:53  Siege Tank  
  61  4:59  Marine x2  
  67  5:12  Refinery  
  71  5:22  Medivac x2  
  71  5:26  Combat Shields  
  82  5:41  Siege Tank  ------
  90  5:56  SCV x2  SCV production stopped after those 2 SCVs.
  108  6:33  Terran Infantry Armor Level 1  
  103  7:58  Command Center  - Classic macro game.
  91  8:46  Engineering Bay, Armory  
  98  8:54  Barracks x2  
  107  9:24  Orbital Command  
  115  9:39  Terran Infantry Weapons Level 2  
  115  9:40  Terran Infantry Armor Level 2  
  94  10:33  Barracks Reactor x2  - SCV production resumed
  101  10:52  Refinery x2  
Spawning Tool Build Advisor. Get it on Overwolf

Go to:

Details

  • Created by: Divain
  • Published on: Aug 09, 2018
  • Modified on: Aug 10, 2018
  • Patch: 4.0.0
Show
View Real Time Build Order
Export as new Build Order

Comments (0)

There are no comments. Be the first!

Create an account to comment!